[Event "Titled Tuesday Blitz May 2 Early 2023"]
[White "Vaibhav Jayant Raut"]
[Black "Seletsky, Grigory"]
[WhiteFideId "5089034"]
[BlackFideId "14112191"]
[WhiteElo "2156"]
[BlackElo "2490"]
[Result "1/2-1/2"]
[Round "03"]
[TimeControl "180+2"]
[Date "2023.05.02"]
[WhiteClock "0:00:10"]
[BlackClock "0:00:10"]

1. Nf3 d5 2. g3 c6 3. d3 Nf6 4. Bg2 Bf5 5. O-O e6 6. Nbd2 h6 7. b3 Be7 8. Bb2 O-O 9. Re1 Bh7 10. a4 Nbd7 11. e4 a5 12. Qe2 Bb4 13. Red1 Qb6 14. h4 Rfd8 15. Ne5 Bxd2 16. Nxd7 Nxd7 17. Rxd2 d4 18. f4 c5 19. Rf1 Qc7 20. Bc1 Re8 21. Qf3 Rad8 22. Rdf2 b6 23. g4 e5 24. f5 Kh8 25. g5 Qc6 26. Qh5 Rg8 27. gxh6 gxh6 28. f6 Rg6 29. Bxh6 Nxf6 30. Rxf6 Rxf6 31. Rxf6 Qxf6 32. Bg5 Qd6 33. Bxd8 Qxd8 34. Qxe5+ f6 35. Qh5 Qd6 36. Qe8+ Kg7 37. h5 Qf4 38. Qe7+ Kg8 39. Qe6+ Kg7 40. Qh3 Qc1+ 41. Kh2 Kh6 42. Qh4 Qg5 43. Qxg5+ Kxg5 44. Kg3 Bg8 45. Bf3 Bf7 46. h6 Bg6 47. Bg4 Bh7 48. Bh3 Bg6 49. Be6 Bh7 50. Bf7 Kxh6 51. Kf4 Kg7 52. Be6 Kf8 53. Bf5 Bg8 54. e5 Ke7 55. Bg4 fxe5+ 56. Kxe5 Bf7 57. Bf3 Bg8 58. Bd5 Bxd5 59. Kxd5 Kd7 60. Ke5 Ke7 61. Kf5 Kf7 62. Kg5 Kg7 63. Kf5 Kf7 64. Kf4 Kf6 65. Ke4 Ke6 66. Kf4 Kf6 67. Ke4 Ke6 68. Kf4 Kf6 1/2-1/2


[Site "https://www.chess.com"]

[Event "Titled Tuesday Blitz May 2 Early 2023"]
[White "Di Nicolantonio, Lucas"]
[Black "Castellanos Gomez, Alejandro"]
[WhiteFideId "680460"]
[BlackFideId "22284141"]
[WhiteElo "2358"]
[BlackElo "2158"]
[Result "0-1"]
[Round "03"]
[TimeControl "180+2"]
[Date "2023.05.02"]
[WhiteClock "0:00:33"]
[BlackClock "0:00:20"]

1. Nf3 d5 2. e3 Nf6 3. c4 e6 4. Nc3 Be7 5. b3 O-O 6. Bb2 c5 7. cxd5 Nxd5 8. Qc2 Nb4 9. Qb1 N8c6 10. h4 e5 11. a3 Na6 12. Ng5 f5 13. Bc4+ Kh8 14. Nf7+ Rxf7 15. Bxf7 Nc7 16. Qd1 Bf6 17. Qh5 e4 18. Bg6 Qg8 19. Bf7 Qf8 20. Bc4 Ne5 21. O-O Bd7 22. a4 Ng4 23. Qf7 Qd6 24. g3 Rf8 25. Qh5 g6 26. Nxe4 fxe4 27. Bxf6+ Rxf6 28. Qg5 h6 0-1


[Site "https://www.chess.com"]

[Event "Titled Tuesday Blitz May 2 Early 2023"]
[White "Bochnicka, Vladimir"]
[Black "Mamedov, Edgar"]
[WhiteFideId "14943450"]
[BlackFideId "13739980"]
[WhiteElo "2094"]
[BlackElo "2330"]
[Result "1-0"]
[Round "03"]
[TimeControl "180+2"]
[Date "2023.05.02"]
[WhiteClock "0:00:17"]
[BlackClock "0:00:01"]

1. e4 c5 2. Nf3 e6 3. g3 Nc6 4. Bg2 Nf6 5. d3 d6 6. O-O Be7 7. Re1 O-O 8. c3 Bd7 9. d4 cxd4 10. cxd4 d5 11. e5 Ne4 12. Nbd2 Nxd2 13. Bxd2 Qb6 14. Bc3 g6 15. a3 a5 16. h4 Na7 17. Nh2 Nb5 18. Qd2 Nxc3 19. Qxc3 Rac8 20. Qd2 Ba4 21. Ng4 h5 22. Nf6+ Bxf6 23. exf6 Kh7 24. Re5 Bc2 25. Bf3 Bf5 26. Bxh5 Rc2 27. Qf4 Qxb2 28. Rae1 Rd2 29. Rxf5 Qxd4 30. Qg5 Rg8 31. Rf4 Qc5 32. Rxe6 fxe6 33. f7 Rg7 34. f8=Q Qc1+ 35. Kg2 Rd1 36. Qxg6+ Rxg6 37. Rf7+ 1-0


[Site "https://www.chess.com"]

[Event "Titled Tuesday Blitz May 2 Early 2023"]
[White "Girish, A. Koushik"]
[Black "Rottenwohrer Suarez, Juan"]
[WhiteFideId "5038448"]
[BlackFideId "32068182"]
[WhiteElo "2398"]
[BlackElo "2174"]
[Result "1-0"]
[Round "03"]
[TimeControl "180+2"]
[Date "2023.05.02"]
[WhiteClock "0:00:05"]
[BlackClock "0:00:04"]

1. d4 Nf6 2. Bg5 c5 3. d5 Qb6 4. Nc3 Qxb2 5. Bd2 Qb6 6. e4 d6 7. f4 g6 8. Nf3 Bg4 9. Rb1 Qc7 10. h3 Bxf3 11. Qxf3 Bg7 12. g4 Nbd7 13. Be2 a6 14. a4 O-O 15. g5 Nh5 16. Qg2 Nxf4 17. Bxf4 Bxc3+ 18. Kd1 Rfb8 19. h4 b5 20. Qh3 Bg7 21. axb5 axb5 22. h5 Qa5 23. hxg6 hxg6 24. Qxd7 Qa2 25. Rxb5 Qa1+ 26. Bc1 Bc3 27. Rxb8+ Rxb8 28. Bb5 Ra8 29. Ke2 Qa2 30. Bd3 c4 31. Qh3 cxd3+ 32. Kxd3 Bg7 33. Bd2 Ra3+ 34. c3 Qb3 35. Ke2 Qc4+ 36. Qd3 Ra2 37. Qxc4 1-0


[Site "https://www.chess.com"]

[Event "Titled Tuesday Blitz May 2 Early 2023"]
[White "Golichenko, Ilija"]
[Black "Sai Han Thiha"]
[WhiteFideId "14117223"]
[BlackFideId "13012290"]
[WhiteElo "2339"]
[BlackElo "1954"]
[Result "1-0"]
[Round "03"]
[TimeControl "180+2"]
[Date "2023.05.02"]
[WhiteClock "0:00:05"]
[BlackClock "0:00:08"]

1. d4 Nf6 2. c4 e6 3. Nc3 Bb4 4. Qc2 O-O 5. e4 d5 6. e5 Ne4 7. Bd3 c5 8. cxd5 exd5 9. Ne2 Nc6 10. a3 cxd4 11. Bxe4 dxe4 12. Qxe4 Ba5 13. b4 dxc3 14. bxa5 Qxa5 15. f4 g6 16. O-O Bf5 17. Qe3 c2 18. Ng3 Qb6 19. Nxf5 gxf5 20. Qxb6 axb6 21. Be3 Na5 22. Ra2 Rfc8 23. Rc1 Nc4 24. Raxc2 b5 25. Bf2 Rd8 26. Bh4 Rd3 27. Bf6 Raxa3 28. Rb2 Rd5 29. Rb4 h5 30. Rcb1 Ra5 31. h3 Nd2 32. Rc1 Nc4 33. Rc3 Rd1+ 34. Kh2 h4 35. Bxh4 Rda1 36. Rcb3 Na3 37. Bd8 Ra8 38. Bf6 Ra2 39. Rg3+ Kf8 40. Rg5 Nc2 41. Rh5 Ke8 42. Rxb5 Kd7 43. Rxb7+ Kc6 44. Rxf7 Ne3 45. Rg7 Rb8 46. Rh6 Rbb2 47. Be7+ Kd5 48. Rhg6 Nf1+ 49. Kg1 Rb1 50. h4 Ne3+ 51. Kh2 Ng4+ 52. Rxg4 fxg4 53. Rxg4 Ke6 54. Bf6 Raa1 55. Kg3 Rb3+ 56. Kh2 Rbb1 57. Rg5 Rh1+ 58. Kg3 Ra3+ 59. Kg4 Rh2 60. g3 Rg2 61. Kh3 Rg1 62. Rg7 Rh1+ 63. Kg4 Rg1 64. Kh3 Rh1+ 65. Kg4 Rg1 66. Re7+ Kd5 67. Kf5 Rgxg3 68. h5 Rh3 69. Kg6 Rag3+ 70. Bg5 Ke4 71. Rf7 Kd5 72. h6 Ke6 73. Re7+ Kd5 74. h7 Rg1 75. Re8 Rgh1 76. Rd8+ Ke6 77. Rd6# 1-0


[Site "https://www.chess.com"]

[Event "Titled Tuesday Blitz May 2 Early 2023"]
[White "Malek, Jan"]
[Black "Womacka, Mathias"]
[WhiteFideId "21864080"]
[BlackFideId "4611390"]
[WhiteElo "2255"]
[BlackElo "2377"]
[Result "1-0"]
[Round "03"]
[TimeControl "180+2"]
[Date "2023.05.02"]
[WhiteClock "0:01:26"]
[BlackClock "0:00:11"]

1. f4 c5 2. Nf3 g6 3. g3 Bg7 4. Bg2 d5 5. O-O Nc6 6. Nc3 Nf6 7. d3 d4 8. Ne4 Nxe4 9. dxe4 e5 10. e3 O-O 11. exd4 cxd4 12. Qe2 Be6 13. f5 gxf5 14. Ng5 f4 15. gxf4 exf4 16. Qh5 h6 17. Nxe6 fxe6 18. Bxf4 Qe8 19. Qg4 Kh8 20. Kh1 Rf6 21. e5 Rg6 22. Qh3 Nxe5 23. Be4 Rc8 24. Rg1 Rxg1+ 25. Rxg1 h5 26. Rxg7 Kxg7 27. Bxe5+ Kh6 28. Qg3 Qf7 29. Bf4+ 1-0


[Site "https://www.chess.com"]

[Event "Titled Tuesday Blitz May 2 Early 2023"]
[White "Gurevich, Dmitry"]
[Black "Piesik, Piotr"]
[WhiteFideId "2000407"]
[BlackFideId "1136194"]
[WhiteElo "2506"]
[BlackElo "2299"]
[Result "0-1"]
[Round "03"]
[TimeControl "180+2"]
[Date "2023.05.02"]
[WhiteClock "0:00:03"]
[BlackClock "0:01:31"]

1. d4 c5 2. d5 e5 3. Nc3 d6 4. e4 Be7 5. Bb5+ Nd7 6. a4 Bg5 7. Nf3 Bxc1 8. Qxc1 Ne7 9. O-O O-O 10. Nd2 Nf6 11. Bd3 Ng6 12. g3 Bh3 13. Re1 Ne8 14. Nc4 Ne7 15. Qg5 h6 16. Qh4 Bd7 17. Ne3 f5 18. exf5 Nxf5 19. Qxd8 Rxd8 20. Nxf5 Bxf5 21. Bxf5 Rxf5 22. Ne4 g5 23. Kg2 Kg7 24. f3 Kg6 25. Rab1 Rf7 26. c4 Ng7 27. b4 cxb4 28. Rxb4 Nf5 29. a5 h5 30. Reb1 Rdd7 31. R1b3 g4 32. fxg4 hxg4 33. Nf2 Kh5 34. h3 Nh6 35. hxg4+ Nxg4 36. Nxg4 Kxg4 37. c5+ Kg5 38. c6 bxc6 39. dxc6 Rc7 40. Rb7 Kg6 41. Rc3 Rxb7 42. cxb7 Rxb7 43. Rc6 Rd7 44. Kf3 Kf5 45. g4+ Ke6 46. Ke4 Rf7 0-1


[Site "https://www.chess.com"]

[Event "Titled Tuesday Blitz May 2 Early 2023"]
[White "Domingo Nunez, Ruben"]
[Black "Davtyan, David Arm."]
[WhiteFideId "22245570"]
[BlackFideId "13310046"]
[WhiteElo "2404"]
[BlackElo "2274"]
[Result "0-1"]
[Round "03"]
[TimeControl "180+2"]
[Date "2023.05.02"]
[WhiteClock "0:00:21"]
[BlackClock "0:01:45"]

1. b3 Nf6 2. Bb2 d5 3. e3 c5 4. Nf3 Nc6 5. Be2 a6 6. O-O Bg4 7. d4 e6 8. dxc5 Bxc5 9. h3 Bh5 10. Nc3 O-O 11. Re1 Rc8 12. Na4 Ba7 13. Nd4 Bxe2 14. Qxe2 Bb8 15. Rad1 b5 16. Nc3 Nxd4 17. Rxd4 Qc7 18. g3 Qc5 19. Red1 b4 20. Na4 Qxc2 21. Qxa6 Qf5 22. Qf1 Ne4 23. Rc1 Be5 24. Rxc8 Rxc8 25. Rxb4 h5 26. Bxe5 Qxe5 27. Nb2 Qxb2 0-1


[Site "https://www.chess.com"]

[Event "Titled Tuesday Blitz May 2 Early 2023"]
[White "Mendez Fortes, Eduardo Jesus"]
[Black "Koridze, Lile"]
[WhiteFideId "3502376"]
[BlackFideId "13612514"]
[WhiteElo "2307"]
[BlackElo "2047"]
[Result "1-0"]
[Round "03"]
[TimeControl "180+2"]
[Date "2023.05.02"]
[WhiteClock "0:00:19"]
[BlackClock "0:00:07"]

1. e4 c5 2. Nf3 d6 3. d4 cxd4 4. Nxd4 Nf6 5. Nc3 a6 6. Bg5 e5 7. Nf5 Bxf5 8. Bxf6 Qxf6 9. Nd5 Qd8 10. exf5 Be7 11. a4 Nc6 12. Bc4 O-O 13. c3 Rb8 14. O-O b5 15. axb5 axb5 16. Bb3 Bg5 17. Qf3 Na5 18. Ba2 Nc4 19. Qe2 Nb6 20. Nb4 Qd7 21. Bd5 Nxd5 22. Nxd5 Qxf5 23. Rfd1 Qe6 24. Ra7 Kh8 25. g3 Qe8 26. h4 Bd8 27. Qg4 Bb6 28. Ra6 Qd8 29. Rda1 Rb7 30. Qe4 Bc7 31. Nf6 Qxf6 32. Qxb7 Bd8 33. Qd5 Be7 34. Ra7 g6 35. Rd7 Rb8 36. Raa7 Re8 37. Qb7 Kg7 38. Rxe7 1-0


[Site "https://www.chess.com"]

[Event "Titled Tuesday Blitz May 2 Early 2023"]
[White "Golubev, Mikhail"]
[Black "Ismagilov, Damir"]
[WhiteFideId "14100983"]
[BlackFideId "34199982"]
[WhiteElo "2374"]
[BlackElo "2078"]
[Result "0-1"]
[Round "03"]
[TimeControl "180+2"]
[Date "2023.05.02"]
[WhiteClock "0:00:48"]
[BlackClock "0:00:57"]

1. e4 e6 2. d4 d5 3. Bd3 dxe4 4. Bxe4 Nf6 5. Bf3 c5 6. Ne2 Nc6 7. Be3 cxd4 8. Nxd4 Bd7 9. Nxc6 Bxc6 10. Bxc6+ bxc6 11. O-O Qc7 12. c4 Bd6 13. h3 O-O 14. Nc3 Rfd8 15. Qe2 Bh2+ 16. Kh1 Be5 17. Rac1 Bf4 18. Rfd1 Qe5 19. Rxd8+ Rxd8 20. Rd1 Rxd1+ 21. Qxd1 h6 22. Bd4 Qf5 23. Bb6 axb6 0-1


[Site "https://www.chess.com"]

[Event "Titled Tuesday Blitz May 2 Early 2023"]
[White "Girya, Olga"]
[Black "Pourkashiyan, Atousa"]
[WhiteFideId "4195752"]
[BlackFideId "12502014"]
[WhiteElo "2263"]
[BlackElo "2228"]
[Result "1-0"]
[Round "03"]
[TimeControl "180+2"]
[Date "2023.05.02"]
[WhiteClock "0:00:14"]
[BlackClock "0:00:03"]

1. d4 Nf6 2. Nf3 d5 3. c4 e6 4. Nc3 Be7 5. Bf4 O-O 6. e3 dxc4 7. Bxc4 a6 8. O-O c5 9. a4 Nc6 10. Rc1 cxd4 11. exd4 Bd7 12. Ba2 Rc8 13. Qe2 Nb4 14. Bb1 Bc6 15. Rfd1 Nfd5 16. Bg3 g6 17. Ne5 Bf6 18. Nxc6 Rxc6 19. Ne4 Rxc1 20. Rxc1 Bxd4 21. Bd6 Re8 22. Rd1 e5 23. Qc4 Qa5 24. Bxb4 Qxa4 25. b3 Qxb4 26. Qxb4 Nxb4 27. Nf6+ Kf8 28. Nxe8 Kxe8 29. Be4 b6 30. Rc1 Kd7 31. g4 a5 32. Kf1 Na2 33. Rc2 Nc3 34. Bd3 b5 35. h4 a4 36. bxa4 bxa4 37. Bc4 a3 38. Bxf7 Kd6 39. g5 Nd5 40. Bg8 Bb2 41. Rd2 a2 42. Rxd5+ Kc7 43. Rc5+ Kb6 44. Bxa2 Kxc5 45. Bg8 1-0


[Site "https://www.chess.com"]

[Event "Titled Tuesday Blitz May 2 Early 2023"]
[White "Daeschler, Florian"]
[Black "Martinez Reyes, Pedro Ramon"]
[WhiteFideId "20678193"]
[BlackFideId "3901807"]
[WhiteElo "2221"]
[BlackElo "2340"]
[Result "1/2-1/2"]
[Round "03"]
[TimeControl "180+2"]
[Date "2023.05.02"]
[WhiteClock "0:00:21"]
[BlackClock "0:00:07"]

1. d4 Nf6 2. c4 Nc6 3. Nf3 e6 4. g3 Bb4+ 5. Bd2 Qe7 6. Nc3 d5 7. Bg2 O-O 8. O-O Rd8 9. cxd5 exd5 10. Rc1 h6 11. Qc2 a6 12. Na4 Bxd2 13. Qxd2 Ne4 14. Qc2 Bf5 15. Qb3 Qb4 16. Qxb4 Nxb4 17. Rxc7 Rd7 18. Rxd7 Bxd7 19. Nb6 Rd8 20. a3 Nc6 21. Nxd5 Bf5 22. Nc3 Nxd4 23. Nxd4 Rxd4 24. Nxe4 Bxe4 25. e3 Rc4 26. Bxe4 Rxe4 27. Rc1 Re7 28. Rc5 g5 29. Kf1 Kg7 30. g4 Rd7 31. Ke2 Kg6 32. h3 f6 33. f4 Re7 34. Kf3 Rd7 35. b4 Rd3 36. a4 Rd7 37. b5 axb5 38. Rxb5 Kg7 39. a5 Kg6 40. Rb6 gxf4 41. exf4 Rd3+ 42. Ke4 Ra3 43. Rxb7 Rxa5 44. f5+ Kg5 45. Rg7+ Kh4 46. Rg6 Kxh3 47. Rxh6+ Kxg4 48. Rxf6 Ra4+ 49. Kd5 Ra5+ 50. Ke6 Ra6+ 51. Kf7 Ra8 52. Kg6 Rg8+ 53. Kf7 Ra8 54. Kg7 Rb8 55. Rf7 Kg5 56. f6 Rb6 57. Rf8 Ra6 58. f7 Rg6+ 59. Kh8 Rh6+ 60. Kg7 Rg6+ 61. Kh7 Rh6+ 62. Kg8 Rg6+ 63. Kh7 Rh6+ 64. Kg8 Rg6+ 65. Kh7 1/2-1/2


[Site "https://www.chess.com"]

[Event "Titled Tuesday Blitz May 2 Early 2023"]
[White "Pajeken, Jakob Leon"]
[Black "Andrews, Todd"]
[WhiteFideId "12942839"]
[BlackFideId "2012456"]
[WhiteElo "2414"]
[BlackElo "2217"]
[Result "1-0"]
[Round "03"]
[TimeControl "180+2"]
[Date "2023.05.02"]
[WhiteClock "0:00:51"]
[BlackClock "0:00:01"]

1. Nf3 Nf6 2. c4 g6 3. g3 Bg7 4. Bg2 O-O 5. O-O d6 6. b3 e5 7. Bb2 Nc6 8. d3 a5 9. a3 Nd7 10. Nbd2 Nc5 11. Qc2 f5 12. e3 Ne6 13. Rfe1 Kh8 14. Rad1 g5 15. h4 g4 16. Nh2 Qe8 17. Nb1 Bd7 18. Nc3 Qg6 19. Nb5 Rf7 20. d4 Rc8 21. d5 Nc5 22. dxc6 bxc6 23. Nc3 Rb8 24. b4 axb4 25. axb4 Rxb4 26. Ba3 Rxc4 27. Bf1 Rxc3 28. Qxc3 Ne4 29. Qc2 d5 30. Bg2 Nf6 31. Rb1 h5 32. Rb8+ Kh7 33. Bb2 Ne8 34. Ra1 Nd6 35. Raa8 Nc4 36. Bc3 f4 37. Qxg6+ Kxg6 38. exf4 d4 39. Be4+ Bf5 40. Bxf5+ Rxf5 41. Be1 exf4 42. Ra6 Rf6 43. Rb4 Ne5 44. Rxd4 fxg3 45. fxg3 Nf3+ 46. Nxf3 gxf3 47. Rf4 Rxf4 48. gxf4 Kf5 49. Rxc6 Kxf4 50. Rxc7 Bd4+ 51. Bf2 Be5 52. Rc4+ Kf5 53. Be3 Bg3 54. Kf1 Ke5 55. Ra4 Kf5 56. Bf2 Bf4 57. Ke1 Kg4 58. Be3 Kxh4 59. Bxf4 Kh3 60. Kf2 h4 61. Bh2 1-0


[Site "https://www.chess.com"]

[Event "Titled Tuesday Blitz May 2 Early 2023"]
[White "Sellitti, Federico"]
[Black "Pujari, Rucha"]
[WhiteFideId "821829"]
[BlackFideId "5024528"]
[WhiteElo "2176"]
[BlackElo "2129"]
[Result "0-1"]
[Round "03"]
[TimeControl "180+2"]
[Date "2023.05.02"]
[WhiteClock "0:00:02"]
[BlackClock "0:00:13"]

1. e4 e5 2. Nc3 Nc6 3. f4 exf4 4. Nf3 Nf6 5. e5 Ng4 6. d4 Bb4 7. Bxf4 d6 8. Bd3 dxe5 9. dxe5 Be6 10. h3 Nh6 11. Bxh6 gxh6 12. Qe2 Nd4 13. Qe4 Nxf3+ 14. Qxf3 Bxc3+ 15. bxc3 Qd5 16. Qxd5 Bxd5 17. Kf2 O-O-O 18. Rhe1 Bc6 19. Rad1 h5 20. g3 Rhg8 21. Bxh7 Rxd1 22. Rxd1 Re8 23. Re1 Bd5 24. a3 c5 25. Bf5+ Kc7 26. g4 hxg4 27. Bxg4 Kb6 28. Kg3 Ka5 29. h4 Ka4 30. h5 Kxa3 31. Kf4 Kb2 32. h6 a5 0-1


[Site "https://www.chess.com"]

[Event "Titled Tuesday Blitz May 2 Early 2023"]
[White "Tymrakiewicz, Rafal"]
[Black "Akhmetov, Ayan"]
[WhiteFideId "1108832"]
[BlackFideId "13703706"]
[WhiteElo "2151"]
[BlackElo "2398"]
[Result "1-0"]
[Round "03"]
[TimeControl "180+2"]
[Date "2023.05.02"]
[WhiteClock "0:01:18"]
[BlackClock "0:00:01"]

1. d4 e6 2. e4 d5 3. e5 c5 4. c3 Nc6 5. Nf3 Bd7 6. Bd3 cxd4 7. cxd4 Qb6 8. O-O Nxd4 9. Nxd4 Qxd4 10. Qe2 Qb6 11. Nc3 Ne7 12. Be3 Qd8 13. Rac1 Nc6 14. Bf4 Be7 15. h4 Bxh4 16. Qg4 Be7 17. Qxg7 Rf8 18. Nb5 Qa5 19. Bg5 Bxg5 20. Nd6+ Ke7 21. Qxg5+ f6 22. Qg7+ Kd8 23. Nxb7+ Kc8 1-0


[Site "https://www.chess.com"]

[Event "Titled Tuesday Blitz May 2 Early 2023"]
[White "Ezat, Mohamed"]
[Black "Garakov, Mikhael"]
[WhiteFideId "10600906"]
[BlackFideId "4169034"]
[WhiteElo "2386"]
[BlackElo "2347"]
[Result "1-0"]
[Round "03"]
[TimeControl "180+2"]
[Date "2023.05.02"]
[WhiteClock "0:00:08"]
[BlackClock "0:00:23"]

1. d4 Nf6 2. c4 c5 3. d5 e6 4. Nc3 exd5 5. cxd5 d6 6. e4 g6 7. f4 Bg7 8. Bb5+ Nfd7 9. Be2 Qh4+ 10. g3 Qe7 11. Nf3 O-O 12. O-O Na6 13. Bc4 Nf6 14. e5 Ng4 15. h3 Nh6 16. g4 Nxg4 17. hxg4 Bxg4 18. e6 fxe6 19. dxe6 Nc7 20. Nd5 Nxd5 21. Bxd5 Rae8 22. Qb3 Rf5 23. Qxb7 Rxd5 24. Qxd5 Bxe6 25. Qe4 Qd7 26. Ng5 d5 27. Qg2 Bg4 28. Bd2 Re2 29. Rf2 Bd4 30. Be1 h6 31. Nf3 Be3 32. Ne5 Bxf2+ 33. Bxf2 Rxe5 34. fxe5 d4 35. Re1 Be6 36. Qxg6+ Kf8 37. Qf6+ Ke8 38. Bh4 Bg8 39. Rf1 Qg4+ 40. Kh2 Bd5 41. Qd8# 1-0


[Site "https://www.chess.com"]

[Event "Titled Tuesday Blitz May 2 Early 2023"]
[White "Marcziter, Dmitrii"]
[Black "Spitzl, Vinzent"]
[WhiteFideId "13900765"]
[BlackFideId "12901253"]
[WhiteElo "2162"]
[BlackElo "2225"]
[Result "1-0"]
[Round "03"]
[TimeControl "180+2"]
[Date "2023.05.02"]
[WhiteClock "0:01:04"]
[BlackClock "0:00:42"]

1. e4 c5 2. Nc3 d6 3. f4 g6 4. Nf3 Bg7 5. Bc4 Nc6 6. d3 Nf6 7. O-O O-O 8. a3 Nd4 9. h3 e6 10. Ne2 Nxe2+ 11. Qxe2 d5 12. Ba2 dxe4 13. dxe4 b6 14. e5 Nd5 15. c4 Ne7 16. Be3 Bb7 17. Rad1 Qc7 18. Bf2 Rfd8 19. b4 cxb4 20. axb4 Nf5 21. g4 Ne7 22. Bh4 Rxd1 23. Rxd1 Nc6 24. b5 Nb4 25. Bb1 a5 26. Be4 Rc8 27. Bxb7 Qxb7 28. f5 exf5 29. gxf5 gxf5 30. Bf6 Bxf6 31. exf6 Kh8 32. Kf2 Qe4 33. Qxe4 fxe4 34. Ng5 Nd3+ 35. Ke3 Rxc4 36. Nxf7+ Kg8 37. Nd6 Rb4 38. Rg1+ Kf8 39. f7 Ke7 40. Rg8 Kxd6 41. f8=Q+ Kd5 42. Qf5+ Kc4 43. Qxe4+ Kb3 44. Qxd3+ Ka4 45. Rg4 1-0


[Site "https://www.chess.com"]

[Event "Titled Tuesday Blitz May 2 Early 2023"]
[White "Da Silva, Lindolfo Luiz"]
[Black "Janaszak, Dawid"]
[WhiteFideId "2106558"]
[BlackFideId "1119206"]
[WhiteElo "2207"]
[BlackElo "2220"]
[Result "0-1"]
[Round "03"]
[TimeControl "180+2"]
[Date "2023.05.02"]
[WhiteClock "0:00:24"]
[BlackClock "0:00:14"]

1. d4 d5 2. g3 c5 3. Bg2 cxd4 4. Nf3 Nf6 5. O-O g6 6. Nxd4 Bg7 7. c4 O-O 8. cxd5 Nxd5 9. e3 Nc6 10. Nxc6 bxc6 11. Qe2 Qb6 12. Rd1 Ba6 13. Qc2 Nb4 14. Qb3 Rfd8 15. Nc3 Rxd1+ 16. Nxd1 Rd8 17. Nc3 Bxc3 18. bxc3 Nxa2 19. Qa4 Bb5 20. Qc2 Nxc1 21. Qxc1 Qc5 22. h4 h5 23. c4 Qxc4 24. Qxc4 Bxc4 25. Rxa7 Rd1+ 26. Kh2 Rd2 27. Kg1 e6 28. Bxc6 Kg7 29. Be8 e5 30. Rc7 Bd5 31. Rd7 Rd1+ 32. Kh2 Rh1# 0-1


[Site "https://www.chess.com"]

[Event "Titled Tuesday Blitz May 2 Early 2023"]
[White "Berezin, Viktor"]
[Black "Nemec, Jachym"]
[WhiteFideId "14107872"]
[BlackFideId "23716525"]
[WhiteElo "2310"]
[BlackElo "2305"]
[Result "1-0"]
[Round "03"]
[TimeControl "180+2"]
[Date "2023.05.02"]
[WhiteClock "0:01:11"]
[BlackClock "0:01:07"]

1. d4 Nf6 2. Nf3 e6 3. c4 d5 4. g3 Bb4+ 5. Nbd2 O-O 6. Bg2 a5 7. O-O a4 8. a3 Be7 9. Ne5 Nfd7 10. Nxd7 Nxd7 11. e4 c6 12. b4 axb3 13. Qxb3 dxc4 14. Nxc4 Nf6 15. Rd1 b5 16. Ne5 Bb7 17. Bb2 Qa5 18. h4 Rfc8 19. g4 c5 20. dxc5 Rxc5 21. g5 Nxe4 22. Rd7 Bd5 23. Qe3 Rc2 24. Bxe4 1-0


[Site "https://www.chess.com"]

[Event "Titled Tuesday Blitz May 2 Early 2023"]
[White "Aslanov, Umid"]
[Black "Shubenkova, Veronika"]
[WhiteFideId "13412620"]
[BlackFideId "44124040"]
[WhiteElo "2013"]
[BlackElo "2027"]
[Result "1-0"]
[Round "03"]
[TimeControl "180+2"]
[Date "2023.05.02"]
[WhiteClock "0:00:14"]
[BlackClock "0:00:01"]

1. e4 c6 2. d4 d5 3. Nd2 dxe4 4. Nxe4 Nf6 5. Nxf6+ gxf6 6. g3 Nd7 7. Bg2 Bg7 8. Ne2 e6 9. Bf4 O-O 10. Qd2 e5 11. dxe5 Nxe5 12. O-O Qxd2 13. Bxd2 Bg4 14. f3 Bf5 15. Nd4 Bg6 16. c3 Bd3 17. Rf2 Nc4 18. Bf4 f5 19. Nb3 Rad8 20. Rd1 Nb6 21. Bc7 Rd5 22. Rfd2 Bc4 23. Nc1 Rxd2 24. Rxd2 Nd5 25. Bd6 Re8 26. Kf2 a5 27. f4 Nf6 28. h3 Bd5 29. Be5 Be4 30. Nb3 Bxg2 31. Kxg2 Ne4 32. Rd7 Bxe5 33. fxe5 Rxe5 34. Rxb7 a4 35. Nd4 Nc5 36. Rb8+ Kg7 37. Nxc6 Re2+ 38. Kf3 Rd2 39. Nd4 Rd3+ 40. Ke2 Kg6 41. Rb6+ f6 42. Rb5 Rxg3 43. Rxc5 Rg2+ 44. Kf3 Rxb2 45. a3 Ra2 46. Nb5 Rb2 47. h4 Rb3 48. Kf4 Rb1 49. Nd4 Rf1+ 50. Kg3 f4+ 51. Kg4 h5+ 52. Kh3 Ra1 53. Ne6 Rxa3 54. Nxf4+ Kf7 55. Rc7+ Ke8 56. Nxh5 f5 57. Rc4 Ra1 58. Ng7+ Kf7 59. Nxf5 a3 60. Ra4 a2 61. Kg2 Kf6 62. Ng3 Kg6 63. Ra5 Kh6 64. h5 Kg7 65. Ra6 Kh7 66. h6 Kg8 67. Ra7 Kh8 68. Nh5 Rc1 69. Nf6 Rg1+ 70. Kh3 Rh1+ 71. Kg4 Rg1+ 72. Kh5 Rh1+ 73. Kg6 Rg1+ 74. Kf5 Rf1+ 75. Ke5 Re1+ 76. Kd6 Rd1+ 77. Kc5 Rd8 78. Rh7# 1-0


[Site "https://www.chess.com"]

[Event "Titled Tuesday Blitz May 2 Early 2023"]
[White "Fernandez Siles, Luis"]
[Black "Al-Tarboush, Ward"]
[WhiteFideId "2209420"]
[BlackFideId "7601450"]
[WhiteElo "2195"]
[BlackElo "2265"]
[Result "0-1"]
[Round "03"]
[TimeControl "180+2"]
[Date "2023.05.02"]
[WhiteClock "0:00:25"]
[BlackClock "0:00:56"]

1. e4 e6 2. d4 d5 3. Nd2 c5 4. c3 cxd4 5. cxd4 dxe4 6. Nxe4 Bb4+ 7. Nc3 Nf6 8. Nf3 O-O 9. Bd3 b6 10. Qe2 Bb7 11. O-O Nbd7 12. Bg5 h6 13. Bh4 Rc8 14. Rac1 Qe7 15. Ne5 Rfd8 16. Bb5 Nf8 17. Ng4 N8h7 18. Bd3 g5 19. Nxf6+ Nxf6 20. Bg3 Rxd4 21. Be5 Rdd8 22. f4 g4 23. f5 Bc5+ 24. Kh1 Rc6 25. Bxf6 Qxf6 26. Ne4 Qh4 27. Rf4 exf5 28. Rxf5 Bd6 29. Qxg4+ Qxg4 30. Nf6+ Kh8 31. Nxg4 Rxc1+ 0-1


[Site "https://www.chess.com"]

[Event "Titled Tuesday Blitz May 2 Early 2023"]
[White "Gutkin, Ilya"]
[Black "Leenhouts, Koen"]
[WhiteFideId "16203470"]
[BlackFideId "1008439"]
[WhiteElo "2265"]
[BlackElo "2409"]
[Result "0-1"]
[Round "03"]
[TimeControl "180+2"]
[Date "2023.05.02"]
[WhiteClock "0:00:01"]
[BlackClock "0:01:07"]

1. Nf3 Nf6 2. g3 g6 3. b3 Bg7 4. Bb2 O-O 5. Bg2 d6 6. d4 Nbd7 7. O-O e5 8. dxe5 Ng4 9. c4 Ndxe5 10. Nc3 Nxf3+ 11. exf3 Nf6 12. Qd2 Be6 13. f4 Qc8 14. Rfe1 Bh3 15. Bf3 Rd8 16. Re3 c6 17. Rae1 Qf5 18. Re7 d5 19. cxd5 cxd5 20. R7e5 Ne4 21. Nxe4 dxe4 22. Qxd8+ Rxd8 23. Rxf5 Bxb2 24. Re5 Bxe5 25. fxe5 exf3 0-1


[Site "https://www.chess.com"]

[Event "Titled Tuesday Blitz May 2 Early 2023"]
[White "Zaitsev, Alexander"]
[Black "Rom, Jasper"]
[WhiteFideId "4164490"]
[BlackFideId "2023733"]
[WhiteElo "2373"]
[BlackElo "2233"]
[Result "0-1"]
[Round "03"]
[TimeControl "180+2"]
[Date "2023.05.02"]
[WhiteClock "0:00:01"]
[BlackClock "0:00:48"]

1. d4 d5 2. c4 e6 3. Nc3 c6 4. cxd5 exd5 5. Bf4 Bd6 6. Bxd6 Qxd6 7. e3 Nf6 8. Bd3 O-O 9. Qc2 Nbd7 10. Nf3 Re8 11. O-O Nf8 12. Ne5 Ng4 13. Nxg4 Bxg4 14. Rab1 a5 15. a3 Re6 16. b4 axb4 17. axb4 Rh6 18. f4 Re8 19. Rfe1 Rhe6 20. Qf2 Qe7 21. e4 dxe4 22. Rxe4 Qd6 23. b5 Rd8 24. h3 Bf5 25. Rxe6 Bxe6 26. bxc6 bxc6 27. Be4 f5 28. Bf3 Ng6 29. g3 Ne7 30. Re1 Bf7 31. Qe3 Re8 32. Qe5 Qd7 33. Qc5 g6 34. Re5 Nd5 35. Bxd5 cxd5 36. h4 Rc8 37. Qa5 Qc6 38. Re3 Qc4 39. Qa6 Qxa6 0-1


[Site "https://www.chess.com"]

[Event "Titled Tuesday Blitz May 2 Early 2023"]
[White "Shtompel, Yuriy"]
[Black "Kleiman, Jake"]
[WhiteFideId "14168278"]
[BlackFideId "2020041"]
[WhiteElo "1844"]
[BlackElo "2399"]
[Result "0-1"]
[Round "03"]
[TimeControl "180+2"]
[Date "2023.05.02"]
[WhiteClock "0:02:19"]
[BlackClock "0:02:35"]

1. Nf3 Nf6 2. g3 e6 3. Bg2 d5 4. O-O g6 5. d3 Bg7 6. Nbd2 O-O 7. e4 c5 8. h3 Nc6 9. Kh2 a5 10. a4 b6 11. Re1 Bb7 12. c3 Ba6 13. Qc2 dxe4 14. dxe4 Bd3 15. Qb3 Nd7 16. Bf1 Nde5 17. Nxe5 Nxe5 18. f4 Bxf1 19. Nxf1 Nf3+ 0-1


[Site "https://www.chess.com"]